 Dungeon Crawl Stone Soup version 0.21-a0-1-gaf3b9a5 (webtiles) character file.

3038 Jawreze the Carver (level 9, -7/61 HPs)
             Began as a Demonspawn Gladiator on May 20, 2017.
             Was a Follower of Uskayaw.
             Mangled by an orc warrior
             ... wielding a +0 flail
              (18 damage)
             ... on level 9 of the Dungeon.
             The game lasted 00:49:31 (10683 turns).

Jawreze the Carver (Demonspawn Gladiator)          Turns: 10683, Time: 00:49:32

Health: -7/61      AC: 15    Str: 16    XL:     9   Next: 56%
Magic:  13/13      EV:  5    Int: 12    God:    Uskayaw [*.....]
Gold:   151        SH:  4    Dex: 14    Spells: 13/14 levels left

rFire    . . .     SeeInvis .   D - +0 great sword
rCold    . . .     Gourm    .   (shield currently unavailable)
rNeg     . . .     Faith    .   g - +0 plate armour
rPois    .         Spirit   .   c - +0 helmet
rElec    .         Reflect  .   (no cloak)
rCorr    .         Harm     .   G - +0 pair of gloves
MR       .....                  m - +2 pair of boots
Stlth    ..........             (no amulet)
Regen    0.2/turn               (no ring)
MPRegen  0.2/turn               (no ring)

@: no status effects
A: hooves 1, large bone plates 1, nightstalker 2
a: Stomp, Renounce Religion


You were on level 9 of the Dungeon.
You worshipped Uskayaw.
Uskayaw was noncommittal.
You were not hungry.

You visited 2 branches of the dungeon, and saw 10 of its levels.

You collected 435 gold pieces.
You spent 284 gold pieces at shops.

Inventory:

Hand Weapons
 a - a +0 long sword
 D - a +0 great sword (weapon)
Missiles
 d - 2 throwing nets (quivered)
Armour
 c - a +0 helmet (worn)
 g - a +0 plate armour (worn)
 m - a +2 pair of boots (worn)
 G - a +0 pair of gloves (worn)
Jewellery
 q - an uncursed amulet of rage {unknown}
 s - an uncursed amulet of rage {unknown}
 E - the ring of the Firefly {rElec Int+3 Dex+2, unknown}
   (You took it off a gnoll on level 8 of the Dungeon)

   [ring of dexterity]

   It affects your intelligence (+3).
   It affects your dexterity (+2).
   It insulates you from electricity.
 F - an uncursed ring of protection from fire {unknown}
Wands
 y - a wand of flame (16/48)
Scrolls
 b - a scroll of amnesia {unknown}
 h - 4 scrolls of identify
 i - 4 scrolls of remove curse
 k - 2 scrolls of magic mapping
 l - 3 scrolls of enchant armour
 o - a scroll of teleportation
 w - a scroll of fear {unknown}
 x - 2 scrolls of fog
 H - a scroll of blinking {unknown}
Potions
 e - 3 potions of curing
 j - 2 potions of brilliance
 n - 2 potions of lignification {unknown}
 p - 2 potions of haste
 r - a potion of flight {unknown}
 u - a potion of mutation {unknown}
 z - a potion of berserk rage {unknown}
 A - a potion of heal wounds {unknown}
 B - a potion of magic {unknown}
 C - a potion of might
 I - a potion of degeneration {unknown}
Books
 v - a book of Minor Magic

   Spells                             Type                      Level
   a - Magic Dart                     Conjuration                  1
   b - Blink                          Translocation                2
   c - Call Imp                       Summoning                    2
   d - Slow                           Hexes                        2
   e - Conjure Flame                  Conjuration/Fire             3
   f - Mephitic Cloud                 Conjuration/Poison/Air       3
Comestibles
 f - 2 bread rations
 t - 11 royal jellies


   Skills:
 - Level 2.0 Fighting
 * Level 11.2 Long Blades
 - Level 1.7 Throwing
 - Level 3.0 Dodging
 + Level 3.3 Spellcasting
 + Level 3.9 Conjurations


You had 13 spell levels left.
You knew the following spells:

 Your Spells              Type           Power        Failure   Level  Hunger
a - Magic Dart            Conj           ##..         99%         1    #......


Dungeon Overview and Level Annotations

Branches:
Dungeon (9/15)             Temple (1/1) D:7
   Lair: D:8-11         Orc: D:9-12

Altars:
Ashenzari
Cheibriados
Dithmenos
Elyvilon
Fedhas
Gozag
Hepliaklqana
Kikubaaqudgha
Makhleb
Nemelex Xobeh
Okawaru
Qazlal
Ru
Sif Muna
Trog
Uskayaw
Vehumet
Wu Jian
Xom
Yredelemnul
Zin
The Shining One

Shops:
D:7 !!(:

Annotations:
D:7 emiel's ghost, novice BaTm


Innate Abilities, Weirdness & Mutations

You have large cloven feet.
You are partially covered in large bone plates. (SH +4)
You are significantly more attuned to the shadows.


Message History

The orc warrior hits you with a flail!!
Your plate armour prevents you from hitting the orc warrior.
The orc warrior hits you but does no damage.
You completely miss the orc warrior. The orc warrior hits you with a flail.
You barely miss the orc warrior.
The orc warrior hits you but does no damage.
You hit the orc warrior but do no damage.
The orc warrior hits you with a flail!
You are too injured to fight recklessly!
You hit the orc warrior.
The orc warrior is moderately wounded.
The orc warrior hits you but does no damage.
You hit the orc warrior.
The orc warrior is moderately wounded.
The orc warrior hits you with a flail!!
* * * LOW HITPOINT WARNING * * *
You closely miss the orc warrior.
The orc warrior is moderately wounded.
The orc warrior hits you with a flail!!
You die...

.......#.#
.......#.#
.......#.#
.......#.#
.......#.#
.......#.#
.....oo#.#
.......#.#
######.#@#
####.#o#
.......o#
#####.###
...# #####


You could see an orc warrior and an orc.

Vanquished Creatures
  A two-headed ogre (D:7)
  The ghost of Onaxys the Skirmisher, an amateur OgBe of Trog (D:4)
  A hornet zombie (D:9)
  An ice beast (D:5)
  4 sky beasts
  A phantom (D:7)
  2 centaurs
  An ogre (D:3)
  2 big kobolds
  2 scorpions
  4 howler monkeys
  2 crimson imps
  2 centaur zombies (D:7)
  3 hounds
  4 jellies
  3 orc wizards (D:6)
  2 orc priests (D:4)
  A bullfrog zombie (D:9)
  A centaur skeleton (D:8)
  2 bullfrog skeletons (D:5)
  An iguana (D:7)
  4 worker ants
  A killer bee zombie (D:7)
  A hound skeleton (D:5)
  8 gnolls
  6 adders
  7 oozes
  2 worms (D:2)
  A dart slug (D:1)
  3 leopard geckos
  11 orcs
  3 giant cockroaches
  10 goblins
  10 hobgoblins
  4 jackals
  20 kobolds
  3 quokkas
  A ball python (D:2)
  9 bats
  5 frilled lizards
  A giant cockroach zombie (D:5)
  2 jackal zombies
  A leopard gecko skeleton (D:5)
  A quokka skeleton (D:7)
  4 rats
159 creatures vanquished.

Notes
Turn   | Place    | Note
-------+----------+-------------------------------------------
     0 | D:1      | Jawreze the Demonspawn Gladiator began the quest for the Orb.
     0 | D:1      | Reached XP level 1. HP: 16/16 MP: 1/1
   213 | D:1      | Gained mutation: You are slightly more attuned to the shadows. [demonic ancestry]
   213 | D:1      | Reached XP level 2. HP: 16/22 MP: 2/2
   216 | D:1      | Reached skill level 3 in Long Blades
   705 | D:2      | Gained mutation: You are partially covered in large bone plates. (SH +4) [demonic ancestry]
   705 | D:2      | Reached XP level 3. HP: 12/27 MP: 3/3
  1682 | D:2      | Found an ancient bone altar of Kikubaaqudgha.
  1689 | D:2      | Found a shattered altar of Ashenzari.
  2281 | D:3      | Reached skill level 4 in Long Blades
  2436 | D:3      | Gained mutation: You are significantly more attuned to the shadows. [demonic ancestry]
  2436 | D:3      | Reached XP level 4. HP: 30/33 MP: 4/4
  2880 | D:3      | Noticed an ogre
  2887 | D:3      | Killed an ogre
  2887 | D:3      | Reached skill level 5 in Long Blades
  2887 | D:3      | Reached XP level 5. HP: 38/38 MP: 5/5
  2988 | D:4      | Found a blossoming altar of Fedhas.
  3049 | D:4      | Found a bloodstained altar of Trog.
  3059 | D:4      | Noticed Onaxys's ghost (amateur OgBe)
  4394 | D:3      | Reached skill level 6 in Long Blades
  4394 | D:3      | Reached XP level 6. HP: 30/44 MP: 6/6
  4637 | D:4      | Killed Onaxys's ghost
  5001 | D:5      | Entered Level 5 of the Dungeon
  5011 | D:5      | Reached skill level 7 in Long Blades
  5109 | D:5      | Reached XP level 7. HP: 50/50 MP: 7/7
  5757 | D:5      | Reached skill level 8 in Long Blades
  6281 | D:5      | Found a glowing golden altar of the Shining One.
  6357 | D:5      | Found a glowing silver altar of Zin.
  6503 | D:6      | Reached skill level 9 in Long Blades
  6503 | D:6      | Gained mutation: You have large cloven feet. [demonic ancestry]
  6503 | D:6      | Reached XP level 8. HP: 39/56 MP: 8/8
  7329 | D:6      | Reached skill level 10 in Long Blades
  7585 | D:7      | Found Hawapin's Book Shoppe.
  7588 | D:7      | Bought a book of Minor Magic for 240 gold pieces
  7590 | D:7      | Learned a level 1 spell: Magic Dart
  7751 | D:7      | Reached skill level 1 in Spellcasting
  7751 | D:7      | Reached skill level 1 in Conjurations
  7941 | D:7      | Found a hazy altar of Hepliaklqana.
  8273 | D:7      | Found Ycietz's Distillery.
  8279 | D:7      | Bought a potion of might for 44 gold pieces
  8305 | D:7      | Noticed emiel's ghost (novice BaTm)
  8502 | D:7      | Found an iron altar of Okawaru.
  8502 | D:7      | Found a sacrificial altar of Ru.
  8502 | D:7      | Found a hide-covered altar of Uskayaw.
  8504 | D:7      | Found a snail-covered altar of Cheibriados.
  8504 | D:7      | Found a hazy altar of Hepliaklqana.
  8504 | D:7      | Found a white marble altar of Elyvilon.
  8504 | D:7      | Found a radiant altar of Vehumet.
  8504 | D:7      | Found a sparkling altar of Nemelex Xobeh.
  8505 | D:7      | Found a glowing silver altar of Zin.
  8505 | D:7      | Found an ornate altar of the Wu Jian Council.
  8506 | D:7      | Found a radiant altar of Vehumet.
  8506 | D:7      | Found a deep blue altar of Sif Muna.
  8508 | D:7      | Became a worshipper of Uskayaw the Reveler
  8511 | D:7      | Found a staircase to the Ecumenical Temple.
  8516 | Temple   | Entered the Ecumenical Temple
  8629 | D:7      | Found Caschoj's Distillery.
  8644 | D:7      | Found Ocziuc's Antique Weapon Shop.
  8659 | D:7      | Reached * piety under Uskayaw
  8681 | D:7      | Reached ** piety under Uskayaw
  8684 | D:7      | Reached *** piety under Uskayaw
  8691 | D:7      | Reached **** piety under Uskayaw
  8696 | D:7      | Reached XP level 9. HP: 43/61 MP: 11/11
  9000 | D:7      | Found a white marble altar of Elyvilon.
  9682 | D:8      | Noticed a two-headed ogre
  9721 | D:7      | HP: 2/61 [two-headed ogre/giant club (14)]
  9723 | D:7      | Killed a two-headed ogre
  9723 | D:7      | Reached skill level 11 in Long Blades
 10186 | D:8      | Got a shimmering bone ring
 10522 | D:9      | Found a white marble altar of Elyvilon.
 10683 | D:9      | Mangled by an orc warrior

Vault maps used:
D:1:      onia_arrival_pyramid, serial_glass, glass_columns_b, glass_columns_a,
          glass_columns_a, glass_columns_a
D:2:      amethyst_overflow_temple_binary, first_bread
D:4:      bloody_trog, overflow_temple_1_default, chequers_ossuary_entry_cave
D:5:      tso_oasis_becter, basic_altar, grunt_decor_mini_mirrors
D:6:      cheibrodos_thug_alley, minmay_misc_feat_square
D:7:      lemuel_crystal_altar, temple_doors_ab, basic_altar, serial_shops,
          shop, nicolae_shop_behind_doors, shop, nicolae_shop_trees
D:8:      hangedman_little_slice_of_home
D:9:      elyvilon_altar_4, cheibriados_altar_1
Temple:   eino_narrow_crystal_temple

Skill      XL: |  1  2  3  4  5  6  7  8  9 |
---------------+----------------------------+-----
Dodging        | 3 |  3.0
Long Blades    | 3 4 5 6 7 9 10 11 | 11.2
Spellcasting   | 1 3 |  3.3
Conjurations   | 2 3 |  3.9
Fighting       | |  2.0
Throwing       | |  1.7

Action                   |  1- 3 |  4- 6 |  7- 9 || total
-------------------------+-------+-------+-------++-------
Melee: Long sword        |   173 |   174 |   539 ||   886
       Great sword       |       |       |    46 ||    46
Throw: Throwing net      |       |       |     4 ||     4
  Use: Scroll            |       |       |     8 ||     8
 Stab: Held in net/web   |       |       |     4 ||     4
       Paralysed         |       |       |     3 ||     3
  Eat: Chunk             |     2 |     5 |     5 ||    12
       Royal jelly       |     1 |       |       ||     1
       Meat ration       |       |     1 |     2 ||     3
       Bread ration      |       |       |     1 ||     1
Armor: Plate armour      |   157 |   104 |   379 ||   640
       Leather armour    |     1 |       |       ||     1
Dodge: Dodged            |    57 |    36 |    94 ||   187
Block: Other             |    20 |    33 |    67 ||   120
       Rpst.: Long sword |    22 |     9 |    25 ||    56
       Great sword       |       |       |     4 ||     4
